ABL
ST. GEORGE DRAGONS @ ST. KILDA SAINTS
07/06/2022
 
TOP OF THE 1ST
St. George Dragons batting - Pitching for St. Kilda Saints : LHP Todd Tronc
Pitching: LHP Todd Tronc
Batting: RHB Frank Scott 0-0: Ball
1-0: Ground out 6-3 (Groundball, 6, EV 106.3 MPH)
Batting: LHB Redford Crosse 0-0: Ball
1-0: Foul Ball, location: 2F
1-1: Ground out 4-3 (Groundball, 4M, EV 99.4 MPH)
Batting: SHB Darren Sabin 0-0: Foul Ball, location: 3FF
0-1: Ball
1-1: Called Strike
1-2: Fly out, F9 (Flyball, 9S, EV 95.0 MPH)
Top of the 1st over - 0 runs, 0 hits, 0 errors, 0 left on base; St. George 0 - St. Kilda 0
BOTTOM OF THE 1ST
St. Kilda Saints batting - Pitching for St. George Dragons : LHP Regin Johnston
Pitching: LHP Regin Johnston
Batting: RHB Graeme Coverdale 0-0: SINGLE (Groundball, 6M, EV 109.4 MPH) (infield hit)
Batting: RHB Kevin Geake 0-0: Ball
1-0: Fly out, F5 (Line Drive, 5, EV 69.4 MPH)
Batting: RHB Billy Rigden 0-0: Ball
1-0: Foul Ball, location: 2F
1-1: Swinging Strike
1-2: Strikes out swinging
Batting: LHB Joe Coate 0-0: Called Strike
0-1: Swinging Strike
0-2: Reached on error, E6 (Groundball, 6, EV 78.8 MPH)
Graeme Coverdale to second
Batting: SHB Rickie Rowles 0-0: Foul Ball, location: 2RF
0-1: Foul Ball, location: 2F
0-2: Strikes out swinging
Bottom of the 1st over - 0 runs, 1 hit, 1 error, 2 left on base; St. George 0 - St. Kilda 0
TOP OF THE 2ND
St. George Dragons batting - Pitching for St. Kilda Saints : LHP Todd Tronc
Batting: RHB Kris Crowe 0-0: Ball
1-0: Swinging Strike
1-1: Foul Ball, location: 2F
1-2: Ground out 5-3 (Groundball, 56, EV 98.8 MPH)
Batting: RHB Ray Emelio 0-0: Ball
1-0: Fly out, F6 (Popup, 6MS, EV 68.8 MPH)
Batting: RHB Darron Matts 0-0: Ball
1-0: Ball
2-0: Foul Ball, location: 2F
2-1: Fly out, F9 (Flyball, 9S, EV 85.6 MPH)
Top of the 2nd over - 0 runs, 0 hits, 0 errors, 0 left on base; St. George 0 - St. Kilda 0
BOTTOM OF THE 2ND
St. Kilda Saints batting - Pitching for St. George Dragons : LHP Regin Johnston
Batting: RHB Jonathan Langlands 0-0: Fly out, F5 (Popup, 5SF, EV 66.3 MPH)
Batting: RHB Ethan Gedge 0-0: Foul Ball, location: 2F
0-1: Foul Ball, location: 5F
0-2: Strikes out swinging, 2-3 out at first.
Batting: RHB Ron Corney 0-0: SINGLE (Line Drive, 89M, EV 105.0 MPH)
Batting: RHB Todd Tronc 0-0: Ball
1-0: Ball
2-0: Ball
3-0: Called Strike
3-1: Swinging Strike
3-2: Foul Ball, location: 5DF
3-2: DOUBLE (Flyball, 78D, EV 97.5 MPH)
Ron Corney to third
Ron Corney scores
Batting: RHB Graeme Coverdale 0-0: Called Strike
0-1: Ball
1-1: DOUBLE (Flyball, 8RXD, EV 106.3 MPH)
Todd Tronc scores
Batting: RHB Kevin Geake 0-0: Called Strike
0-1: Ball
1-1: DOUBLE (Groundball, 5L, EV 100.0 MPH)
Graeme Coverdale scores
Batting: RHB Billy Rigden 0-0: Ball
1-0: SINGLE (Groundball, 4MD, EV 95.6 MPH)
Kevin Geake to third
Runner from 3rd tries for Home, SAFE, throw by CF to home
Batting: LHB Joe Coate 0-0: Ball
1-0: Ball
2-0: Fly out, F8 (Flyball, 8LXD, EV 111.3 MPH)
Bottom of the 2nd over - 4 runs, 5 hits, 0 errors, 1 left on base; St. George 0 - St. Kilda 4
TOP OF THE 3RD
St. George Dragons batting - Pitching for St. Kilda Saints : LHP Todd Tronc
Batting: RHB Bill Orson 0-0: Ground out U3 (Groundball, 34, EV 78.8 MPH)
Batting: LHB Regin Johnston 0-0: Called Strike
0-1: Foul Ball, location: 2F
0-2: Ball
1-2: Fly out, F8 (Line Drive, 8LM, EV 93.8 MPH)
Batting: RHB Chris Roberts 0-0: Ball
1-0: Foul Ball, location: 23FF
1-1: Ball
2-1: Called Strike
2-2: Foul Ball, location: 3SF
2-2: Fly out, F8 (Flyball, 8LM, EV 70.6 MPH)
Top of the 3rd over - 0 runs, 0 hits, 0 errors, 0 left on base; St. George 0 - St. Kilda 4
BOTTOM OF THE 3RD
St. Kilda Saints batting - Pitching for St. George Dragons : LHP Regin Johnston
Batting: SHB Rickie Rowles 0-0: Ball
1-0: Foul Ball, location: 2F
1-1: Ball
2-1: Ground out 4-3 (Groundball, 4MS, EV 66.3 MPH)
Batting: RHB Jonathan Langlands 0-0: Fly out, F9 (Flyball, 9S, EV 88.1 MPH)
Batting: RHB Ethan Gedge 0-0: Swinging Strike
0-1: Ball
1-1: Fly out, F4 (Popup, 4S, EV 77.5 MPH)
Bottom of the 3rd over - 0 runs, 0 hits, 0 errors, 0 left on base; St. George 0 - St. Kilda 4
TOP OF THE 4TH
St. George Dragons batting - Pitching for St. Kilda Saints : LHP Todd Tronc
Batting: RHB Frank Scott 0-0: Called Strike
0-1: Ball
1-1: Swinging Strike
1-2: Foul Ball, location: 23FF
1-2: Foul Ball, location: 2F
1-2: Strikes out swinging
Batting: LHB Redford Crosse 0-0: Called Strike
0-1: Ball
1-1: Ball
2-1: Foul Ball, location: 2F
2-2: Ball
3-2: SOLO HOME RUN (Flyball, 7D, EV 99.4 MPH), Distance : 361 ft
Batting: SHB Darren Sabin 0-0: Ball
1-0: Fly out, F9 (Flyball, 9LS, EV 96.9 MPH)
Batting: RHB Kris Crowe 0-0: Called Strike
0-1: Foul Ball, location: 3F
0-2: SINGLE (Groundball, 6D, EV 93.8 MPH)
Batting: RHB Ray Emelio 0-0: Swinging Strike
0-1: Fly out, F9 (Line Drive, 9LS, EV 93.1 MPH)
Top of the 4th over - 1 run, 2 hits, 0 errors, 1 left on base; St. George 1 - St. Kilda 4
BOTTOM OF THE 4TH
St. Kilda Saints batting - Pitching for St. George Dragons : LHP Regin Johnston
Batting: RHB Ron Corney 0-0: Called Strike
0-1: Fly out, F8 (Line Drive, 8LD, EV 91.3 MPH)
Batting: RHB Todd Tronc 0-0: Ball
1-0: Called Strike
1-1: Foul Ball, location: 2F
1-2: Strikes out looking
Batting: RHB Graeme Coverdale 0-0: Ball
1-0: Foul Ball, location: 3FF
1-1: Called Strike
1-2: Ball
2-2: Foul Ball, location: 9LDF
2-2: Fly out, F1 (Line Drive, P, EV 70.6 MPH)
Bottom of the 4th over - 0 runs, 0 hits, 0 errors, 0 left on base; St. George 1 - St. Kilda 4
TOP OF THE 5TH
St. George Dragons batting - Pitching for St. Kilda Saints : LHP Todd Tronc
Batting: RHB Darron Matts 0-0: Ball
1-0: Ball
2-0: Ball
3-0: Called Strike
3-1: Called Strike
3-2: DOUBLE (Line Drive, 89D, EV 108.1 MPH)
Batting: RHB Bill Orson 0-0: Called Strike
0-1: Ball
1-1: Foul Ball, location: 9LDF
1-2: Fly out, F7 (Line Drive, 78M, EV 92.5 MPH)
Batting: LHB Regin Johnston 0-0: Called Strike
0-1: Foul Ball, location: 5F
0-2: Ball
1-2: Foul Ball, location: 2RF
1-2: Foul Ball, location: 2F
1-2: Ball
2-2: Ball
3-2: Strikes out swinging
Batting: RHB Chris Roberts 0-0: Ball
1-0: Ball
2-0: Foul Ball, location: 2LF
2-1: Ball
3-1: 2-RUN HOME RUN (Flyball, 9D, EV 98.8 MPH), Distance : 368 ft
Batting: RHB Frank Scott 0-0: Swinging Strike
0-1: Fly out, F9 (Flyball, 9LMF, EV 91.3 MPH)
Top of the 5th over - 2 runs, 2 hits, 0 errors, 0 left on base; St. George 3 - St. Kilda 4
BOTTOM OF THE 5TH
St. Kilda Saints batting - Pitching for St. George Dragons : LHP Regin Johnston
Batting: RHB Kevin Geake 0-0: Swinging Strike
0-1: Ground out 4-3 (Groundball, 4S, EV 93.8 MPH)
Batting: RHB Billy Rigden 0-0: SINGLE (Groundball, 34D, EV 104.4 MPH)
Batting: LHB Joe Coate 0-0: Called Strike
0-1: Foul Ball, location: 7LDF
0-2: Strikes out swinging
Billy Rigden is caught stealing 2nd base 2-6
Batter strikes out.
Bottom of the 5th over - 0 runs, 1 hit, 0 errors, 0 left on base; St. George 3 - St. Kilda 4
TOP OF THE 6TH
St. George Dragons batting - Pitching for St. Kilda Saints : LHP Todd Tronc
Batting: LHB Redford Crosse 0-0: Foul Ball, location: 2F
0-1: Called Strike
0-2: Foul Ball, location: 2F
0-2: Ball
1-2: Ball
2-2: Ground out 6-3 (Groundball, 6, EV 90.0 MPH)
Batting: SHB Darren Sabin 0-0: Fly out, F8 (Flyball, 8LM, EV 87.5 MPH)
Batting: RHB Kris Crowe 0-0: Ball
1-0: SINGLE (Groundball, 34D, EV 107.5 MPH)
Batting: RHB Ray Emelio 0-0: Ball
1-0: Ball
2-0: Ball
3-0: Base on Balls
Kris Crowe to second
Batting: RHB Darron Matts 0-0: Ball
1-0: Ball
2-0: Ball
3-0: Base on Balls
Kris Crowe to third
Ray Emelio to second
Batting: RHB Bill Orson 0-0: DOUBLE (Groundball, 5L, EV 102.5 MPH)
Kris Crowe scores
Ray Emelio scores
Darron Matts to third
Runner from 3rd tries for Home, SAFE, no throw by LF
Batting: LHB Regin Johnston 0-0: Ball
1-0: Called Strike
1-1: Ground out 4-3 (Groundball, 4, EV 99.4 MPH)
Top of the 6th over - 3 runs, 2 hits, 0 errors, 1 left on base; St. George 6 - St. Kilda 4
BOTTOM OF THE 6TH
St. Kilda Saints batting - Pitching for St. George Dragons : LHP Regin Johnston
Batting: SHB Rickie Rowles 0-0: Called Strike
0-1: Ball
1-1: Swinging Strike
1-2: Ball
2-2: Ground out 6-3 (Groundball, 6, EV 86.3 MPH)
Batting: RHB Jonathan Langlands 0-0: Fly out, F6 (Line Drive, 6, EV 67.5 MPH)
Batting: RHB Ethan Gedge 0-0: Swinging Strike
0-1: Swinging Strike
0-2: Strikes out swinging
Bottom of the 6th over - 0 runs, 0 hits, 0 errors, 0 left on base; St. George 6 - St. Kilda 4
TOP OF THE 7TH
St. George Dragons batting - Pitching for St. Kilda Saints : LHP Todd Tronc
Pitching: LHP Ron Fitzgibbon
Batting: RHB Chris Roberts 0-0: Ball
1-0: Ball
2-0: Ball
3-0: Base on Balls
Batting: RHB Frank Scott 0-0: Ball
1-0: Bunted foul
1-1: Ball
2-1: Ball
3-1: Sac Bunt to 25 - play at first, batter OUT! 5-3
Chris Roberts to second
Batting: LHB Redford Crosse 0-0: Ball
1-0: Called Strike
1-1: Ball
2-1: Fly out, F3 (Line Drive, 3, EV 74.4 MPH)
Batting: SHB Darren Sabin 0-0: Swinging Strike
0-1: Called Strike
0-2: Ball
1-2: Ball
2-2: Foul Ball, location: 25F
2-2: Strikes out swinging
Top of the 7th over - 0 runs, 0 hits, 0 errors, 1 left on base; St. George 6 - St. Kilda 4
BOTTOM OF THE 7TH
St. Kilda Saints batting - Pitching for St. George Dragons : LHP Regin Johnston
Batting: RHB Ron Corney 0-0: Ball
1-0: Called Strike
1-1: Foul Ball, location: 9LDF
1-2: Strikes out looking
Pinch Hitting: LHB Tim Crashaw 0-0: Ball
1-0: Called Strike
1-1: Called Strike
1-2: Strikes out looking
Batting: RHB Graeme Coverdale 0-0: Called Strike
0-1: Ball
1-1: Ground out 5-3 (Groundball, 56S, EV 81.9 MPH)
Bottom of the 7th over - 0 runs, 0 hits, 0 errors, 0 left on base; St. George 6 - St. Kilda 4
TOP OF THE 8TH
St. George Dragons batting - Pitching for St. Kilda Saints : LHP Ron Fitzgibbon
Pitching: RHP Layne Tinsley
Batting: RHB Kris Crowe 0-0: Called Strike
0-1: Foul Ball, location: 2F
0-2: Ball
1-2: Strikes out swinging
Batting: RHB Ray Emelio 0-0: Fly out, F8 (Flyball, 8RD, EV 75.0 MPH)
Batting: RHB Darron Matts 0-0: Ball
1-0: Foul Ball, location: 3SF
1-1: Ball
2-1: Fly out, F8 (Line Drive, 8RS, EV 85.0 MPH)
Top of the 8th over - 0 runs, 0 hits, 0 errors, 0 left on base; St. George 6 - St. Kilda 4
BOTTOM OF THE 8TH
St. Kilda Saints batting - Pitching for St. George Dragons : LHP Regin Johnston
Batting: RHB Kevin Geake 0-0: Ball
1-0: Called Strike
1-1: Foul Ball, location: 9LSF
1-2: Ground out 4-3 (Groundball, 4, EV 86.9 MPH)
Batting: RHB Billy Rigden 0-0: Called Strike
0-1: Foul Ball, location: 2F
0-2: SINGLE (Groundball, 6MD, EV 105.6 MPH)
Pinch Hitting: RHB Sam Jevons 0-0: Called Strike
0-1: Ball
1-1: Fly out, F9 (Flyball, 9D, EV 98.8 MPH)
Runner from 1st tags up, SAFE at 2nd
Batting: SHB Rickie Rowles 0-0: Ball
1-0: DOUBLE (Line Drive, 89D, EV 97.5 MPH)
Billy Rigden scores
Pitching: RHP Marcus Leuthold
Batting: RHB Jonathan Langlands 0-0: Fly out, F8 (Flyball, 89D, EV 86.3 MPH)
Bottom of the 8th over - 1 run, 2 hits, 0 errors, 1 left on base; St. George 6 - St. Kilda 5
TOP OF THE 9TH
St. George Dragons batting - Pitching for St. Kilda Saints : RHP Layne Tinsley
Pitching: RHP Benji Foran
Now at 1B: Chris Beavis
Batting: RHB Bill Orson 0-0: Called Strike
0-1: Called Strike
0-2: Ball
1-2: Fly out, F8 (Flyball, 8LM, EV 96.3 MPH)
Pinch Hitting: LHB Lenny Pullen 0-0: Ball
1-0: Ground out U3 (Groundball, 3, EV 98.8 MPH)
Batting: RHB Chris Roberts 0-0: Fly out, F6 (Popup, 6, EV 56.3 MPH)
Top of the 9th over - 0 runs, 0 hits, 0 errors, 0 left on base; St. George 6 - St. Kilda 5
BOTTOM OF THE 9TH
St. Kilda Saints batting - Pitching for St. George Dragons : RHP Marcus Leuthold
Pitching: RHP Ron Brennan
Now at 1B: Darren Sabin
Now in RF: Jason Pearce
Batting: RHB Ethan Gedge 0-0: Ball
1-0: Called Strike
1-1: Foul Ball, location: 2F
1-2: Ball
2-2: Ball
3-2: Strikes out swinging
Batting: RHB Ron Corney 0-0: Fly out, F8 (Flyball, 8RXD, EV 106.9 MPH)
Batting: LHB Chris Beavis 0-0: Called Strike
0-1: Called Strike
0-2: Ball
1-2: Strikes out swinging, 2-3 out at first.
Bottom of the 9th over - 0 runs, 0 hits, 0 errors, 0 left on base; St. George 6 - St. Kilda 5
Monday, May 6th , 2024 - OOTP Baseball 24.9 Build 80